 Dungeon Crawl Stone Soup version 0.28-a0-883-gc8d7bad45d (webtiles) character file.

Game seed: 11330275458581058185

296 RatsInWall the Chopper (level 6, -3/56 HPs)
             Began as a Hill Orc Monk on Nov 21, 2021.
             Slain by an ogre (18 damage)
             ... on level 4 of the Dungeon on Nov 22, 2021.
             The game lasted 00:13:49 (6086 turns).

RatsInWall the Chopper (Hill Orc Monk)              Turns: 6086, Time: 00:13:50

Health: -3/56      AC:  3    Str: 16      XL:     6   Next: 34%
Magic:  6/6        EV: 12    Int: 10      God:
Gold:   205        SH:  0    Dex: 11 (13) Spells: 5/5 levels left

rFire   . . .      SeeInvis .   a - +0 hand axe
rCold   . . .      Faith    .   (no shield)
rNeg    . . .      Spirit   .   c - +0 leather armour
rPois   .          Reflect  .   (no helmet)
rElec   .          Harm     .   (no cloak)
rCorr   .          Rampage  .   (no gloves)
Will    .....                   (no boots)
Stlth   +.........              (no amulet)
HPRegen 0.18/turn               (no ring)
MPRegen 0.10/turn               (no ring)

@: no status effects
A: no striking features
a: no special abilities


You were on level 4 of the Dungeon.
You visited 1 branch of the dungeon, and saw 4 of its levels.

You collected 205 gold pieces.

Inventory:

Hand Weapons
 a - a +0 hand axe (weapon)
Missiles
 f - 4 datura-tipped darts (quivered)
Armour
 c - a +0 leather armour (worn)
Jewellery
 d - a ring of see invisible
Scrolls
 h - a scroll of teleportation
Potions
 b - a potion of resistance
 e - a potion of mutation
 g - a potion of flight


   Skills:
 + Level 5.0 Fighting
 + Level 7.2 Axes
 + Level 2.9 Armour
 - Level 2.5 Dodging
 - Level 1.5 Stealth


You had 5 spell levels left.
You didn't know any spells.
Your spell library contained the following spells:

 Spells                   Type           Power      Damage    Failure   Level
 Ignite Poison            Fire/Tmut/Pois 0%         N/A       80%         3
 Mephitic Cloud           Conj/Pois/Air  0%         N/A       80%         3
 Freezing Cloud           Conj/Ice/Air   0%         6-21      100%        5


Dungeon Overview and Level Annotations

Branches:
Dungeon (4/15)
 Temple: D:4-7

Altars:
Ashenzari

Shops:
D:4 [


Message History

The ogre hits you with a +0 giant spiked club!!
There is an open door here.
There is an open door here.
There is an open door here.
You hit the ogre.
The ogre is heavily wounded.
The ogre hits you with a +0 giant spiked club!
You completely miss the ogre.
The ogre is heavily wounded.
The ogre barely misses you.
You slash the ogre!
The ogre is severely wounded.
You closely miss the ogre.
The ogre is severely wounded.
The ogre hits you with a +0 giant spiked club!
* * * LOW HITPOINT WARNING * * *
Okay, then.
There is an open door, spattered with blood here.
There is an open door here.
There is an open door here.
There is an open door here.
The ogre hits you with a +0 giant spiked club!
* * * LOW HITPOINT WARNING * * *
The ogre barely misses you.
There is an open door here.
You close the door.
An ogre breaks down the door.
There is an open door here.
As you close the door, it creaks loudly!
Something unseen opens the door.
As you close the door, it creaks loudly!
Something unseen breaks down the door.
It's broken and can't be closed.
There is an open door here.
You close the door.
An ogre opens the door.
You close the door.
An ogre breaks down the door.
It's broken and can't be closed.
You hit the ogre.
The ogre is almost dead.
The ogre hits you with a +0 giant spiked club!!
You die...

###### #### ############....#
###########... #..........#....#
#.....'...#... #.....)....#....#
#.....#...'...
#..##..###'#....######..######...
#..##.O#.........#.###..###.....#
#..#...#.........#........#.....#
#..#...#.........O........#.....#
#..#...#........@#........#.....#
#####O##.........#..####..#.....#
##..#####.....#..####..####...
#....# #.....#...........#...
#....# #.....#...........#...
#....# #.....#..[........#...
######)## #.....#+#######'###...
#..###.#######.......#####..#....
#....O.......#.......#..'...#....


You could see an ogre.

Vanquished Creatures
  A hound (D:4)
  A bullfrog skeleton (D:4)
  An iguana (D:4)
  Jessica (D:2)
  3 gnolls
  7 adders
  An ufetubus (D:4)
  An adder skeleton (D:4)
  A worm (D:3)
  3 dart slugs
  3 bats
  11 endoplasms
  4 giant cockroaches
  8 goblins
  4 hobgoblins
  9 kobolds
  4 quokkas
  2 ball pythons
  5 frilled lizards
  8 rats
78 creatures vanquished.

Notes
Turn   | Place    | Note
-------+----------+-------------------------------------------
     0 | D:1      | RatsInWall the Hill Orc Monk began the quest for the Orb.
     0 | D:1      | Reached XP level 1. HP: 19/19 MP: 1/1
    83 | D:1      | Reached XP level 2. HP: 10/27 MP: 2/2
   619 | D:1      | Reached skill level 1 in Armour
   906 | D:1      | Reached XP level 3. HP: 30/33 MP: 3/3
  2080 | D:3      | Reached skill level 5 in Axes
  2262 | D:3      | Found a broken altar of Ashenzari.
  2549 | D:3      | Reached XP level 4. HP: 40/40 MP: 4/4
  3119 | D:2      | Noticed Jessica
  3131 | D:2      | Killed Jessica
  3254 | D:2      | Reached skill level 6 in Axes
  3256 | D:2      | HP: 2/41 [adder (2)]
  3282 | D:2      | Reached XP level 5. HP: 16/47 MP: 5/5
  5022 | D:4      | Noticed an ogre
  5201 | D:4      | Found Jefaos's Armour Boutique.
  5264 | D:4      | HP: 1/47 [iguana (8)]
  5266 | D:4      | Reached XP level 6. HP: 1/55 MP: 6/6
  5622 | D:4      | Reached skill level 7 in Axes
  5860 | D:4      | Reached skill level 5 in Fighting
  6086 | D:4      | Slain by an ogre

Illustrated notes

Levels and vault maps discovered:
D:1:      saegor_arrival_fortress, layout_basic
D:2:      minmay_razor_zed, layout_loops_cross, uniq_jessica
D:3:      layout_loops_corners, lemuel_crystal_altar
D:4:      layout_gridville, serial_shops, nicolae_shop_hallway_plus

Skill      XL: |  1  2  3  4  5  6 |
---------------+-------------------+-----
Fighting       | 4 5 |  5.0
Armour         | 1 2 |  2.9
Axes           | 5 6 7 |  7.2
Dodging        | |  2.5
Stealth        | |  1.5

Action                   |  1- 3 |  4- 6 || total
-------------------------+-------+-------++-------
Melee: Hand axe          |   125 |   249 ||   374
  Use: Potion            |       |     3 ||     3
       Scroll            |       |     6 ||     6
 Stab: Sleeping          |     6 |     2 ||     8
Armor: Leather armour    |    21 |    40 ||    61
       Skin              |       |    24 ||    24
Dodge: Dodged            |    74 |   136 ||   210

Table legend: (Time is in decaauts)
 A = Elapsed time spent in this place.
 B = Non-inter-level travel time spent in this place.
 C = Inter-level travel time spent in this place.
 D = Time resting spent in this place.
 E = Time spent auto-exploring this place.
 F = Levels seen in this place.
 G = Mean time per level.
                   A        B        C        D        E       F      G
               +--------+--------+--------+--------+--------+-----+--------+
         Total |   6094 |   5627 |    467 |   1682 |   2945 |   4 | 1523.5 |
       Dungeon |   6094 |   5627 |    467 |   1682 |   2945 |   4 | 1523.5 |
               +--------+--------+--------+--------+--------+-----+--------+

Top non-repeatable levels by time:
     D:2: 1964 daAuts
     D:4: 1428 daAuts
     D:3: 1420 daAuts
     D:1: 1280 daAuts
